 Dungeon Crawl Stone Soup version 0.30-a0-4-ga7cffc901d (webtiles) character file.

Game seed: 1666839511305658163

62 drpainis the Caller (level 4, -4/30 HPs)
             Began as a Merfolk Summoner on Aug 20, 2022.
             Slain by an ice beast (6 damage)
             ... on level 2 of the Dungeon.
             The game lasted 00:03:30 (3619 turns).

drpainis the Caller (Merfolk Summoner)              Turns: 3619, Time: 00:03:31

Health: -4/30      AC:  2    Str:  8    XL:     4   Next: 8%
Magic:  6/8        EV: 13    Int: 16    God:
Gold:   96         SH:  0    Dex: 14    Spells: 2/8 levels left

rFire   + . .      SeeInvis .    e - +0 dagger
rCold   . . .      Faith    .    (no shield)
rNeg    . . .      Spirit   .    a - +0 robe
rPois   .          Reflect  .    (no helmet)
rElec   .          Harm     .    (no cloak)
rCorr   .          Rampage  .    (no gloves)
Will    .....                    (no boots)
Stlth   ++........               (no amulet)
HPRegen 0.10/turn                i - ring of protection from fire
MPRegen 0.11/turn                (no ring)

@: no status effects
A: (nimble swimmer 2), mertail
a: no special abilities


You were on level 2 of the Dungeon.
You visited 1 branch of the dungeon, and saw 3 of its levels.

You collected 96 gold pieces.

Inventory:

Hand Weapons
 e - a +0 dagger (weapon)
Armour
 a - a +0 robe (worn)
Jewellery
 i - a ring of protection from fire (left hand)
Scrolls
 d - 2 scrolls of vulnerability {unknown}
 f - 4 scrolls of identify {unknown}
 h - a scroll of amnesia {unknown}
 j - a scroll of poison {unknown}
 l - a scroll of noise {unknown}
 n - a scroll of teleportation {unknown}
Potions
 b - 3 potions of magic
 c - 2 potions of brilliance {unknown}
 g - a potion of curing {unknown}
 k - a potion of heal wounds {unknown}
 m - a potion of berserk rage {unknown}
 o - 2 potions of might {unknown}


   Skills:
 + Level 0.1 Short Blades
 + Level 3.1 Dodging
 + Level 2.6 Stealth
 + Level 2.8 Spellcasting
 + Level 4.6 Summonings


You had 2 spell levels left.
You knew the following spells:

 Your Spells              Type           Power      Damage    Failure   Level
a - Summon Small Mammal   Summ           68%        N/A       2%          1
b - Call Imp              Summ           17%        N/A       4%          2
c - Call Canine Familiar  Summ           17%        N/A       9%          3

Your spell library contained the following spells:

 Spells                   Type           Power      Damage    Failure   Level
 Summon Guardian Golem    Hex/Summ       9%         N/A       22%         3
 Summon Lightning Spire   Summ/Air       9%         N/A       58%         4


Dungeon Overview and Level Annotations

Branches:
Dungeon (3/15)

Altars:


Innate Abilities, Weirdness & Mutations

((You are very nimble when in or above water. (Stealth+, EV+, Speed+++)))
Your lower body shifts to a powerful aquatic tail in water.


Message History

The adder closely misses your crimson imp.
Your quokka closely misses the adder.
The adder bites your crimson imp but does no damage.
Your crimson imp hits the adder.
Your quokka closely misses the adder.
The adder barely misses your crimson imp.
Your quokka bites the adder.
The adder dies!
You have reached level 4!
Your crimson imp says, "OK, boss!"
Your crimson imp blinks!
HP restored.
Your quokka disappears in a puff of smoke!
You swap places.
A kobold, a ball python and an ice beast come into view.
The kobold shouts!
The ball python hisses angrily.
There are monsters nearby!
You swap places.
The ice beast hits your crimson imp. The ice beast freezes your crimson imp!
Your crimson imp is frozen!
Your crimson imp blinks!
Your crimson imp closely misses the kobold.
Something completely misses your crimson imp.
The ice beast attacks as you move away!
The ice beast hits you but does no damage.
Things that are here:
a +0 dagger; a kobold skeleton The ice beast hits you.
The ice beast freezes you! The ice beast attacks as you move away!
The ice beast misses you. The ice beast attacks as you move away!
The ice beast barely misses you.
There is a stone staircase leading up here.
The ice beast hits you. The ice beast freezes you!
* * * LOW HITPOINT WARNING * * *
You climb upwards.
There is a stone staircase leading down here.
Casting: Summon Small Mammal (safe; 2% risk of failure)
Confirm with . or Enter, or press ? or * to list all spells.
A metallic apparition takes form in the air.
The ice beast hits you.
* * * LOW HITPOINT WARNING * * *
The ice beast freezes you.
You die...

###########.# ####.####
#........##.# #....#[..
#..(.....##.# ##.###..##
#...........# #..# #.##
#........######.####.###
#......).....)..........
#....>...#####.###..####
#........# ##.###.##
#......@Y####..##..#
#.......5.....###.##
#########.#######.######
##.# ###........ ##..#
#.....##### #..##
#.##### ## #.## ### #.
#.# #####. #.# ####.....


You could see an ice beast (ally target) and a friendly iron imp (summoned).

Vanquished Creatures
  An endoplasm (D:1)
  A goblin (D:1)
  A hobgoblin (D:2)
  A kobold (D:3)
  A bat (D:1)
  A frilled lizard (D:1)
  A rat (D:1)
7 creatures vanquished.

Vanquished Creatures (collateral kills)
  3 adders
  A worm (D:2)
  A dart slug (D:1)
  3 bats
  An endoplasm (D:1)
  2 giant cockroaches
  2 goblins
  2 hobgoblins (D:1)
  2 jackals (D:1)
  A quokka (D:1)
  4 frilled lizards
  A rat (D:1)
23 creatures vanquished.

Grand Total: 30 creatures vanquished

Notes
Turn   | Place    | Note
-------+----------+-------------------------------------------
     0 | D:1      | drpainis the Merfolk Summoner began the quest for the Orb.
     0 | D:1      | Reached XP level 1. HP: 13/13 MP: 3/3
   462 | D:1      | Reached XP level 2. HP: 19/19 MP: 1/5
   505 | D:1      | Learned a level 2 spell: Call Imp
  2131 | D:1      | Found a faded altar of an unknown god.
  2276 | D:1      | Reached XP level 3. HP: 24/24 MP: 1/6
  2282 | D:1      | Learned a level 3 spell: Call Canine Familiar
  3560 | D:3      | Reached XP level 4. HP: 28/30 MP: 4/8
  3600 | D:3      | Noticed an ice beast
  3619 | D:2      | Slain by an ice beast

Illustrated notes

Levels and vault maps discovered:
D:1:      dpeg_arrival_pond, layout_basic, shapermc_ecumenical_altar_acropolis
D:2:      layout_rooms
D:3:      layout_loops_ring, general_overflow_altar

Skill      XL: |  1  2  3 |
---------------+----------+-----
Dodging        | 3 |  3.1
Short Blades   | |  0.1
Stealth        | |  2.6
Spellcasting   | |  2.8
Summonings     | |  4.6

Action                   |  1- 3 |  4- 6 || total
-------------------------+-------+-------++-------
Melee: Unarmed           |    19 |       ||    19
       Dagger            |    30 |       ||    30
 Cast: Summon Small Mamm |    39 |       ||    39
       Call Imp          |    24 |     1 ||    25
 Stab: Sleeping          |     1 |       ||     1
Armor: Robe              |    17 |     1 ||    18
Dodge: Dodged            |    70 |     2 ||    72

Table legend: (Time is in decaauts)
 A = Elapsed time spent in this place.
 B = Non-inter-level travel time spent in this place.
 C = Inter-level travel time spent in this place.
 D = Time resting spent in this place.
 E = Time spent auto-exploring this place.
 F = Levels seen in this place.
 G = Mean time per level.
                   A        B        C        D        E       F      G
               +--------+--------+--------+--------+--------+-----+--------+
         Total |   3615 |   3561 |     54 |   1759 |   1310 |   3 | 1205.0 |
       Dungeon |   3615 |   3561 |     54 |   1759 |   1310 |   3 | 1205.0 |
               +--------+--------+--------+--------+--------+-----+--------+

Top non-repeatable levels by time:
     D:1: 2509 daAuts
     D:2: 869 daAuts
     D:3: 236 daAuts
